 Dungeon Sprint DCSS version 0.31-a0-1074-g0b22e4e0f1 (webtiles) character file.

Game seed: 8186677179133457058

1907 tbh1313 the Bludgeoner (level 9, -1/133 HPs)
             Began as an Ogre Berserker on Nov 28, 2023.
             Was an Elder of Trog.
             Slain by a centaur warrior (12 damage)
             ... in the Dungeon (Sprint I: "Red Sonja").
             The game lasted 00:02:40 (799 turns).

tbh1313 the Bludgeoner (Ogre Berserker)              Turns: 799, Time: 00:02:40

Health: -1/133     AC:  3    Str: 27    XL:     9   Next: 16%
Magic:  9/9        EV: 10    Int:  8    God:    Trog [****..]
Gold:   419        SH:  0    Dex:  8    Spells: 8/8 levels left

rFire   . . .        j - +0 giant club
rCold   . . .        (shield currently unavailable)
rNeg    . . .        a - +0 robe
rPois   .            (helmet restricted)
rElec   .            (no cloak)
rCorr   .            (gloves unavailable)
SInv    .            (boots unavailable)
Will    .....        (no amulet) Stlth
                     (no ring)
HPRegen 0.42/turn    (no ring)
MPRegen 0.11/turn

%: no teleportation
@: berserking (expiring), very quick
A: large, unfitting armour, tough skin 1
a: Renounce Religion, Berserk, Trog's Hand, Brothers in Arms


You were in the Dungeon.
You worshipped Trog.
Trog was greatly pleased with you.
You visited 1 branch You collected 419 gold pieces.

Inventory:

Hand Weapons
 j - a +0 giant club (weapon)
Armour
 a - a +0 robe (worn)
 b - a +0 animal skin
Potions
 e - a potion of haste
 f - 2 potions of magic
 g - a potion of berserk rage


   Skills:
 + Level 5.7 Fighting
 - Level 18.0 Maces & Flails
 - Level 2.6 Dodging


You had 8 spell levels left.
You didn't know any spells.
Your spell library was empty.

Dungeon Overview and Level Annotations

Branches:
Dungeon (1/1)

Altars:
Cheibriados
Dithmenos
Elyvilon
Fedhas
Gozag
Hepliaklqana
Kikubaaqudgha
Makhleb
Nemelex Xobeh
Okawaru
Qazlal
Ru
Sif Muna
Trog
Uskayaw
Vehumet
Wu Jian
Xom
Yredelemnul
Zin
The Shining One
Jiyva
Lugonu

Shops:
D [


Innate Abilities, Weirdness & Mutations

You are too large for most types of armour.
You have tough skin. (AC +1)


Message History

The centaur warrior hits you. The centaur warrior kicks you.
You completely miss the centaur warrior.
The centaur warrior is almost dead.
You bludgeon the centaur warrior!!
You kill the centaur warrior!
Trog accepts your kill.
You can now call in reinforcements.
The centaur warrior shoots an arrow.
The arrow hits you!!
* * * LOW HITPOINT WARNING * * *
Training target 18.0 for Maces & Flails reached!
Your Maces & Flails skill gained 2 levels and is now at level 18!
You need to enable at least one skill for training.
Your Fighting skill increases to level 5!
You have reached level 9!
Your experience leads to an increase in your attributes!
Increase (s)trength, (i)ntelligence, or (d)exterity?
You feel stronger. x3
The centaur warrior unwields a +0 shortbow.
The centaur warrior hits you.
* * * LOW HITPOINT WARNING * * *
The centaur warrior barely misses you.
Things that are here:
a +0 orcbow; a centaur corpse You closely miss the centaur warrior.
The centaur warrior hits you.
* * * LOW HITPOINT WARNING * * *
The centaur warrior closely misses you.
You barely miss the centaur warrior. You barely miss the centaur warrior.
The centaur warrior hits you!
* * * LOW HITPOINT WARNING * * *
The centaur warrior kicks you but does no damage.
You sock the centaur warrior!
The centaur warrior is moderately wounded.
The centaur warrior hits you.
* * * LOW HITPOINT WARNING * * *
The centaur warrior kicks you but does no damage.
You barely miss the centaur warrior.
The centaur warrior is lightly wounded.
You sock the centaur warrior!
The centaur warrior is heavily wounded.
The centaur warrior hits you!
You die...

##########################
#<.#..)..#.)'..#__#..'...#
#..)..#..'..#..'..'..#)..#
#..#####'#####'#__####...+
#..####..#...#@####([#####
#..#__####..##c#§§§.c#
#..#_____##'#§§'§§~..+
#⌠⌠#_.∩...†..._#§§~c.#
####_..__##_.#'##+####
#_____###+#.# ####### ###


You could see a centaur warrior.

Levels and vault maps discovered:
D:        dungeon_sprint_1 [red_sonja_temple_1, red_sonja_temple_small_1]

Notes
Turn   | Place    | Note
-------+----------+-------------------------------------------
     0 | D        | tbh1313 the Ogre Berserker began the quest for the Orb.
     0 | D        | Reached XP level 1. HP: 24/24 MP: 1/1
   101 | D        | Noticed Ijyb
   108 | D        | Killed Ijyb
   109 | D        | Reached skill level 5 in Maces & Flails
   109 | D        | Reached XP level 2. HP: 32/32 MP: 2/2
   109 | D        | Reached XP level 3. HP: 39/39 MP: 3/3
   154 | D        | Noticed an ogre
   157 | D        | Killed an ogre
   158 | D        | Reached skill level 8 in Maces & Flails
   158 | D        | Reached XP level 4. HP: 48/48 MP: 4/4
   201 | D        | Noticed Sigmund
   220 | D        | HP: 1/48 [something (10)]
   225 | D        | Killed Sigmund
   225 | D        | Reached ** piety under Trog
   226 | D        | Reached skill level 11 in Maces & Flails
   226 | D        | Reached XP level 5. HP: 7/54 MP: 5/5
   226 | D        | Reached XP level 6. HP: 8/62 MP: 6/6
   412 | D        | Found an ornate altar of the Wu Jian Council.
   412 | D        | Found a shimmering blue altar of Sif Muna.
   414 | D        | Found a radiant altar of Vehumet.
   420 | D        | Reached skill level 12 in Maces & Flails
   568 | D        | Found Beczaf's Armour Emporium.
   568 | D        | Found an ancient bone altar of Kikubaaqudgha.
   568 | D        | Found a hazy altar of Hepliaklqana.
   568 | D        | Found a stormy altar of Qazlal.
   568 | D        | Found a hide-covered altar of Uskayaw.
   568 | D        | Found a blossoming altar of Fedhas.
   568 | D        | Found a bloodstained altar of Trog.
   568 | D        | Found an iron altar of Okawaru.
   568 | D        | Found a basalt altar of Yredelemnul.
   568 | D        | Found a glowing golden altar of the Shining One.
   568 | D        | Found a snail-covered altar of Cheibriados.
   568 | D        | Found a sacrificial altar of Ru.
   568 | D        | Found a glowing silver altar of Zin.
   568 | D        | Found a shadowy altar of Dithmenos.
   568 | D        | Found a white marble altar of Elyvilon.
   568 | D        | Noticed a yak
   574 | D        | Killed a yak
   575 | D        | Reached skill level 13 in Maces & Flails
   575 | D        | Reached XP level 7. HP: 46/70 MP: 7/7
   575 | D        | Found an opulent altar of Gozag.
   576 | D        | Found a sparkling altar of Nemelex Xobeh.
   662 | D        | Found a viscous altar of Jiyva.
   662 | D        | Found a corrupted altar of Lugonu.
   662 | D        | Noticed a slime creature
   663 | D        | Found a burning altar of Makhleb.
   663 | D        | Found a shimmering altar of Xom.
   667 | D        | Killed a slime creature
   668 | D        | Reached skill level 14 in Maces & Flails
   722 | D        | Noticed a kobold demonologist
   722 | D        | Noticed a glass eye
   722 | D        | Noticed a kobold demonologist
   733 | D        | Killed a kobold demonologist
   733 | D        | Reached *** piety under Trog
   734 | D        | Reached skill level 15 in Maces & Flails
   734 | D        | Reached XP level 8. HP: 78/78 MP: 8/8
   738 | D        | Killed a kobold demonologist
   739 | D        | Reached skill level 16 in Maces & Flails
   742 | D        | Killed a glass eye
   742 | D        | Reached **** piety under Trog
   780 | D        | Noticed a centaur warrior
   780 | D        | Noticed a centaur warrior
   792 | D        | Killed a centaur warrior
   793 | D        | Reached skill level 18 in Maces & Flails
   793 | D        | Reached skill level 5 in Fighting
   793 | D        | Reached XP level 9. HP: 29/89 MP: 9/9
   796 | D        | HP: 13/133 [centaur warrior (11)]
   799 | D        | Slain by a centaur warrior

Table legend: (Time is in decaauts)
 A = Elapsed time spent in this place.
 B = Non-inter-level travel time spent in this place.
 C = Inter-level travel time spent in this place.
 D = Time resting spent in this place.
 E = Time spent auto-exploring this place.
 F = Levels seen in this place.
 G = Mean time per level.
                   A        B        C        D        E       F      G
               +--------+--------+--------+--------+--------+-----+--------+
         Total |    825 |    825 |      0 |    622 |      0 |   1 |  825.0 |
       Dungeon |    825 |    825 |      0 |    622 |      0 |   1 |  825.0 |
               +--------+--------+--------+--------+--------+-----+--------+

Top non-repeatable levels by time:
       D: 825 daAuts

Table legend:
 A = Kills in this place as a percentage of kills in the entire game.
 B = Kills by you in this place as a percentage of kills by you in the entire game.
 C = Kills by friends in this place as a percentage of kills by friends in the entire game.
 D = Other kills in this place as a percentage of other kills in the entire game.
 E = Experience gained in this place as a percentage of experience gained in the entire game.
 F = Experience gained in this place divided by the number of levels of this place that you have seen.
                   A       B       C       D       E      F
               +-------+-------+-------+-------+-------+----------------------
         Total | 100.0 | 100.0 |   N/A |   N/A | 100.0 | 2725.0
       Dungeon | 100.0 | 100.0 |   N/A |   N/A | 100.0 | 2725.0
               +-------+-------+-------+-------+-------+----------------------

Action                     |  1- 3 |  4- 6 |  7- 9 || total
---------------------------+-------+-------+-------++-------
  Melee: Mace              |     8 |       |       ||     8
         Giant club        |       |    17 |    33 ||    50
 Invoke: Berserk           |     2 |     1 |     2 ||     5
         Trog's Hand       |       |       |     1 ||     1
  Evoke: Wand              |       |     2 |       ||     2
    Use: Potion            |       |     2 |       ||     2
         Scroll            |       |     1 |     1 ||     2
 Armour: Animal skin       |       |    12 |       ||    12
         Robe              |       |     6 |    18 ||    24
  Dodge: Dodged            |     3 |     6 |     8 ||    17

Vanquished Creatures
  A centaur warrior (D)
  2 kobold demonologists (D)
  A glass eye (D)
  A slime creature (D)
  Sigmund (D)
  A yak (D)
  An ogre (D)
  A jelly (D)
  Ijyb (D)
10 creatures vanquished.
